 Dungeon Crawl Stone Soup version bcrawl-1.14.2-1-gc900083943 (webtiles) character file.

Game seed: 17680678442405055928

5 Grimm the Magician (level 1, 0/13 HPs)
             Began as a Gnoll Wanderer on Sept 21, 2019.
             Slain by a kobold (4 damage)
             ... on level 1 of the Dungeon.
             The game lasted 00:01:21 (260 turns).

Grimm the Magician (Gnoll Wanderer)                  Turns: 260, Time: 00:01:22

Health: 0/13       AC:  2    Str: 13    XL:     1   Next: 80%
Magic:  1/6        EV: 11    Int: 15    God:
Gold:   26         SH:  0    Dex: 14    Spells: 8/9 levels left

rFire    . . .     SeeInvis .   a - +0 dagger
rCold    . . .     Gourm    .   (no shield)
rNeg     . . .     Faith    .   c - +0 robe
rPois    .         Spirit   .   (no helmet)
rElec    .         Reflect  .   (no cloak)
rCorr    .         Harm     .   (no gloves)
MR       .....                  (no boots)
Stlth    +.........             (no amulet)
HPRegen  0.04/turn              (no ring)
MPRegen  0.10/turn              (no ring)

@: very slightly contaminated
A: distributed training, fangs 1, strong nose
a: no special abilities


You were on level 1 of the Dungeon.
You were not hungry.

You visited 1 branch of the dungeon, and saw 1 of its levels.

You collected 26 gold pieces.

Inventory:

Hand Weapons
 a - a +0 dagger (weapon)
Armour
 c - a +0 robe (worn)
Scrolls
 b - a scroll of fear {unknown}
Potions
 d - a potion of degeneration {unknown}
Comestibles
 f - a ration {!d}


   Skills:
 + Level 0.1 Fighting
 + Level 0.1 Short Blades
 + Level 0.1 Long Blades
 + Level 0.1 Axes
 + Level 0.1 Maces & Flails
 + Level 0.1 Polearms
 + Level 0.1 Staves
 + Level 0.1 Slings
 + Level 2.4 Bows
 + Level 0.1 Crossbows
 + Level 2.4 Throwing
 + Level 4.4 Armour
 + Level 0.1 Dodging
 + Level 0.1 Stealth
 + Level 0.1 Shields
 + Level 0.1 Unarmed Combat
 + Level 4.9 Spellcasting
 + Level 0.1 Conjurations
 + Level 0.1 Hexes
 + Level 0.1 Charms
 + Level 0.1 Summonings
 + Level 2.0 Necromancy
 + Level 0.1 Translocations
 + Level 0.1 Transmutations
 + Level 0.1 Fire Magic
 + Level 0.1 Ice Magic
 + Level 0.1 Air Magic
 + Level 0.1 Earth Magic
 + Level 3.6 Poison Magic
 + Level 0.2 Invocations
 + Level 2.4 Evocations


You had 8 spell levels left.
You knew the following spells:

 Your Spells              Type           Power        Failure   Level  Hunger
a - Sting                 Conj/Pois      #...         8%          1    None

Your spell library contained the following spells:

 Spells                   Type           Power        Failure   Level  Hunger
 Poisonous Vapours        Pois/Air       #.....       12%         2    ##.....
 Apportation              Tloc           #.....       16%         1    None
 Infusion                 Chrm           #.......     16%         1    None
 Sandblast                Erth           #.....       16%         1    None
 Slow                     Hex            #.......     16%         1    None
 Summon Butterflies       Summ           #.......     16%         1    None
 Ignite Poison            Fire/Tmut/Pois #.......     28%         3    ###....
 Olgreb's Toxic Radiance  Pois           ##......     36%         4    ####...
 Summon Scorpions         Summ/Pois      #.......     58%         4    ####...
 Venom Bolt               Conj/Pois      #.........   91%         5    ######.


Dungeon Overview and Level Annotations

Branches:
Dungeon (1/12)

Altars:


Innate Abilities, Weirdness & Mutations

Your experience applies equally to all skills.
You have very sharp teeth.
Your uncanny sense of smell can sniff out nearby items.


Message History

The rat bites you but does no damage.
You hit the rat.
You kill the rat!
Your Necromancy skill increases to level 2!
The kobold throws a stone.
The stone misses you. The frilled lizard bites you.
You barely miss the frilled lizard.
The frilled lizard bites you but does no damage.
You hit the frilled lizard.
You kill the frilled lizard!
The kobold barely misses you.
You hit the kobold.
The kobold is heavily wounded.
The kobold misses you.
You barely miss the kobold. You bite the kobold, but do no damage.
The kobold is heavily wounded.
The kobold hits you.
You hit the kobold but do no damage.
The kobold is heavily wounded.
The kobold hits you.
You die...

#.# #.# .... ∆ ##.# ....
.#.# #..... ∆ ...### #....
### ##...####...##+
#####...##
##.#...#..#....###...#.#...#
##.###...........)..........
##.####.######..@K........#
.........# #.###r.......##
#..####..# #.#...........#
.#...##..# #.#.#.........#
.(##.....# #.#.#.r.....#
....#....# #.#.#.#.###!#
####.....# #.#...#.....# #
.........# #.#####l#####.#
.........#####.........$...#


You could see a kobold and a rat.

Vanquished Creatures
  2 hobgoblins (D:1)
  3 frilled lizards (D:1)
  A rat (D:1)
6 creatures vanquished.

Notes
Turn   | Place    | Note
-------+----------+-------------------------------------------
     0 | D:1      | Grimm the Gnoll Wanderer began the quest for the Orb.
     0 | D:1      | Grimm set off with the following items: a +0 dagger, a +0
                  | robe, a ration {!d}; and the following spells available to
                  | memorise: Sting, Poisonous Vapours, Apportation, Infusion,
                  | Sandblast, Slow, Summon Butterflies, Ignite Poison,
                  | Olgreb's Toxic Radiance, Summon Scorpions, Venom Bolt
     0 | D:1      | Reached XP level 1. HP: 13/13 MP: 6/6
     2 | D:1      | Learned a level 1 spell: Sting
   260 | D:1      | Slain by a kobold

Skill      XL: |  1 |
---------------+----+-----
Necromancy     | 2 |  2.0
Fighting       | |  0.1
Short Blades   | |  0.1
Long Blades    | |  0.1
Axes           | |  0.1
Maces & Flails | |  0.1
Polearms       | |  0.1
Staves         | |  0.1
Slings         | |  0.1
Bows           | |  2.4
Crossbows      | |  0.1
Throwing       | |  2.4
Armour         | |  4.4
Dodging        | |  0.1
Stealth        | |  0.1
Shields        | |  0.1
Unarmed Combat | |  0.1
Spellcasting   | |  4.9
Conjurations   | |  0.1
Hexes          | |  0.1
Charms         | |  0.1
Summonings     | |  0.1
Translocations | |  0.1
Transmutations | |  0.1
Fire Magic     | |  0.1
Ice Magic      | |  0.1
Air Magic      | |  0.1
Earth Magic    | |  0.1
Poison Magic   | |  3.6
Invocations    | |  0.2
Evocations     | |  2.4

Action                   || total
-------------------------++-------
Melee: Dagger            ||    10
       Bite              ||     1
 Cast: Sting             ||    12
Armor: Robe              ||     2
Dodge: Dodged            ||    10
